 Dungeon Crawl Stone Soup version 0.23.1 (webtiles) character file.

Game seed: 0

22302 LostNumber the Grappler (level 12, -8/157 HPs)
             Began as an Ogre Transmuter on Mar 14, 2019.
             Was a High Priest of Okawaru.
             Mangled by a black mamba (11 damage)
             ... on level 3 of the Lair of Beasts.
             The game lasted 00:29:47 (15808 turns).

LostNumber the Grappler (Ogre Transmuter)          Turns: 15808, Time: 00:29:48

Health: -8/157     AC:  8    Str: 17    XL:     12   Next: 99%
Magic:  17/22      EV: 16    Int: 18    God:    Okawaru [*****.]
Gold:   1246       SH:  0    Dex:  9    Spells: 8/25 levels left

rFire    x . .     SeeInvis .     - Unarmed
rCold    + + +     Gourm    .   (shield currently unavailable)
rNeg     . . .     Faith    .   (armour currently unavailable)
rPois    +         Spirit   .   (helmet currently unavailable)
rElec    .         Reflect  .   (cloak currently unavailable)
rCorr    .         Harm     .   (gloves unavailable)
MR       +....                  (boots unavailable)
Stlth    +++.......             s - amulet of regeneration
HPRegen  0.76/turn              H - +1 ring of protection
MPRegen  0.18/turn              k - +3 ring of evasion

@: lethally poisoned (-8 -> -29), ice-form, heroism
A: large, unfitting armour
a: End Transformation, Heroism, Finesse, Renounce Religion


You were on level 3 of the Lair of Beasts.
You worshipped Okawaru.
Okawaru was extremely pleased with you.
You were not hungry.
You were a creature of crystalline ice.
You visited 3 branches of the dungeon, and saw 17 of its levels.

You collected 1246 gold pieces.

Inventory:

Hand Weapons
 D - the +6 scimitar of Qudool {flame, rPois Str+2 Dex-2, unknown}
   (You found it on level 8 of the Dungeon)

   It has been specially enchanted to burn those struck by it, causing extra
   injury to most foes and up to half again as much damage against particularly
   susceptible opponents.
   Big, fiery blades are also staple armaments of hydra-hunters.
   It affects your strength (+2).
   It affects your dexterity (-2).
   It protects you from poison.
Missiles
 a - 106 arrows
Armour
 A - a +1 troll leather armour
   (You found it on level 6 of the Dungeon)
 E - the +3 shield of Amanodi {rF+ Int+2, unknown}
   (You found it on level 8 of the Dungeon)

   It affects your intelligence (+2).
   It protects you from fire.
 K - the +1 robe "Foelycse" (melded) {Str+4}
   (Okawaru gifted it to you on level 10 of the Dungeon)

   It affects your strength (+4).
 O - a +0 hat (melded)
   (Okawaru gifted it to you on level 3 of the Lair of Beasts)
Jewellery
 k - a +3 ring of evasion (right front paw)
   (You found it on level 2 of the Lair of Beasts)
 s - an amulet of regeneration (around neck)
   (You found it on level 2 of the Dungeon)
 H - a +1 ring of protection (left front paw)
   (You found it on level 9 of the Dungeon)
 P - an uncursed ring of resist corrosion {unknown}
   (You found it on level 3 of the Lair of Beasts)
Wands
 c - a wand of disintegration (11)
   (You found it on level 4 of the Dungeon)
 t - a wand of flame (41)
   (You took it off an orc priest on level 4 of the Dungeon)
 u - a wand of paralysis (20)
   (You found it on level 6 of the Dungeon)
 x - a wand of acid (14)
   (You found it on level 8 of the Dungeon)
 z - a wand of polymorph (17)
   (You found it on level 5 of the Dungeon)
 B - a wand of enslavement (11)
   (You found it on level 7 of the Dungeon)
Scrolls
 b - a scroll of random uselessness {unknown}
 f - 2 scrolls of enchant armour
 g - a scroll of immolation {!r}
 h - 6 scrolls of teleportation {@r4}
 i - 2 scrolls of amnesia
 j - a scroll of magic mapping
 o - 6 scrolls of remove curse {@r2}
 q - a scroll of vulnerability {unknown}
 C - 2 scrolls of blinking
 G - a scroll of torment {unknown}
 I - a scroll of holy word {unknown}
 J - a scroll of fear {unknown}
 M - a scroll of silence {unknown}
Potions
 d - 6 potions of flight
 l - 2 potions of heal wounds {@q2}
 m - 2 potions of agility
 n - 2 potions of resistance
 p - 2 potions of might {unknown}
 r - 3 potions of ambrosia
 v - a potion of lignification {unknown}
 w - 3 potions of brilliance
 y - 5 potions of curing {@q1}
 F - 2 potions of haste {@q3}
 N - a potion of cancellation {unknown}
Comestibles
 e - 23 rations {!d}


   Skills:
 + Level 11.7(16.7) Fighting
 + Level 3.8(8.8) Dodging
 * Level 12.0(17.0) Unarmed Combat
 - Level 7.0 Spellcasting
 - Level 2.0 Translocations
 + Level 9.4 Transmutations
 - Level 4.0 Ice Magic
 - Level 1.0 Poison Magic
 + Level 5.8 Invocations


You had 8 spell levels left.
You knew the following spells:

 Your Spells              Type           Power        Failure   Level  Hunger
a - Beastly Appendage     Tmut           #####.       1%          1    None
b - Blink                 Tloc           N/A          7%          2    None
c - Ice Form              Ice/Tmut       ####....     7%          4    ####...
d - Blade Hands           Tmut           #####.....   6%          5    #####..
s - Sticks to Snakes      Tmut           #####...     1%          2    None
x - Spider Form           Tmut/Pois      ####......   3%          3    ##.....

Your spell library contained the following spells:

 Spells                   Type           Power        Failure   Level  Hunger
 Magic Dart               Conj           #...         11%         1    None
 Call Imp                 Summ           #.......     16%         2    None
 Slow                     Hex            #.......     16%         2    None
 Mephitic Cloud           Conj/Pois/Air  #.......     28%         3    ##.....
 Conjure Flame            Conj/Fire      #.......     32%         3    ##.....


Dungeon Overview and Level Annotations

Branches:
Dungeon (10/15)            Temple (1/1) D:4            Lair (6/6) D:9
  Swamp (0/4) Lair:2       Spider (0/4) Lair:3
  Slime: Lair:5-6       Orc: D:9-12

Altars:
Ashenzari
Cheibriados
Dithmenos
Elyvilon
Fedhas
Gozag
Kikubaaqudgha
Okawaru
Ru
Sif Muna
Uskayaw
Vehumet
Yredelemnul
Zin
The Shining One

Shops:
D:6 =

Annotations:
D:3 3 runed translucent doors, Kisielow's ghost, amateur DsAK; alkemann's ghost, amateur HuGl
D:4 3 runed translucent doors, exclusion: goblin, Jabberih's ghost, novice MfTm
D:5 2 transporters, Jabberih's ghost, novice DrCj


Innate Abilities, Weirdness & Mutations

You are too large for most types of armour.
((You have tough skin. (AC +1)))


Message History

The black mamba bites you!
You are poisoned.
The black mamba poisons you!
You feel sick. The black mamba barely misses you.
You feel sick. The black mamba bites you!
You are more poisoned.
The black mamba poisons you!
A yak comes into view.
You feel very sick. The black mamba bites you.
You are more poisoned.
The black mamba poisons you!
You feel very sick.
You feel very sick. The black mamba bites you!
You are more poisoned.
The black mamba poisons you!
You feel very sick. The black mamba barely misses you.
You feel very sick.
You feel very sick. The black mamba bites you!
* * * LOW HITPOINT WARNING * * *
You feel very sick. The black mamba bites you!
* * * LOW HITPOINT WARNING * * *
You are more poisoned.
The black mamba poisons you!
There is a stone staircase leading up, spattered with blood here.
You turn into a creature of crystalline ice.
Your +0 hat melds into your body.
The +1 robe "Foelycse" {Str+4} melds into your body.
You feel very sick. The black mamba completely misses you.
The black mamba bites you!
* * * LOW HITPOINT WARNING * * *
You feel very sick. The yak gores you but does no damage.
The black mamba barely misses you.
You climb upwards.
You feel very sick.
There is a stone staircase leading down here.
You gain the combat prowess of a mighty hero.
You feel very sick. The black mamba bites you!
* * * LOW HITPOINT WARNING * * *
The yak gores you but does no damage. The black mamba bites you!
* * * LOW HITPOINT WARNING * * *
* * * LOW HITPOINT WARNING * * *
You feel very sick. The black mamba bites you!
You die...

##..#........##............ #
#.#..........#.##.........
##########...........###.........
......###....#....#...#..........
............#..8..##...#.........
......##...###....###..##........
......#...###.....###...#........
.......>.8# #..>...##8.<.........
...#..#...# #.YSY.###...##..#...#
.......#..###...........#........
...#...#...###.8.###...#......#..
.............#...##....#.....##..
##.#....##...........##..)....#.P
.#.#.#####...........#...#.......
....## #.##..................≈≈≈
...## ######....##..........≈≈≈
#P.# ##....8.#............≈≈≈


You could see a black mamba and a yak.

Vanquished Creatures
  2 hydras (Lair:2)
  Harold (D:7)
  2 two-headed ogres
  A centaur zombie (D:10)
  A centaur skeleton (D:10)
  4 spiny frogs
  3 rime drakes (Lair:3)
  3 komodo dragons
  5 trolls
  A tyrant leech (Lair:2)
  5 jumping spiders (Lair:3)
  4 hippogriffs
  4 blink frogs (Lair:5)
  A spriggan (D:7)
  2 redbacks (Lair:3)
  Sigmund (D:6)
  A wyvern (Lair:4)
  A basilisk (Lair:4)
  A hungry ghost (D:7)
  14 yaks
  A steam dragon (D:8)
  2 swamp worms (Lair:2)
  6 water moccasins
  Menkaure (D:7)
  3 orc warriors
  6 porcupines
  2 ice beasts
  A phantom (D:5)
  A sky beast (D:6)
  7 ogres
  2 eyes of draining
  15 wolves
  4 centaurs
  8 crocodiles
  15 bullfrogs
  A gnoll sergeant (D:10)
  A scorpion (D:4)
  3 killer bees (D:8)
  An electric eel (Lair:3)
  4 howler monkeys
  2 crimson imps
  10 hounds
  A bullfrog skeleton (D:8)
  3 jellies
  A bullfrog zombie (D:4)
  7 orc priests
  13 orc wizards
  3 iguanas
  11 worker ants
  A killer bee zombie (D:7)
  A hound zombie (D:5)
  A hound skeleton (D:3)
  A worker ant zombie (D:7)
  Robin (D:2)
  7 gnolls
  8 adders
  3 shadow imps
  An ooze (D:2)
  2 adder skeletons
  A worm (D:2)
  A dart slug (D:1)
  5 leopard geckos
  42 orcs
  2 ball pythons
  5 giant cockroaches
  19 goblins
  15 hobgoblins
  8 quokkas
  11 bats
  6 frilled lizards
  5 kobolds
  10 rats
  2 plants (Lair:4)
350 creatures vanquished.

Vanquished Creatures (collateral kills)
  A hydra (D:10)
  An orc warrior (D:4)
  A wyvern skeleton (D:10)
  A dart slug (D:1)
4 creatures vanquished.

Vanquished Creatures (others)
  2 fungi (Lair:2)
  3 plants
  4 withered plants (D:3)
9 creatures vanquished.

Grand Total: 363 creatures vanquished

Notes
Turn   | Place    | Note
-------+----------+-------------------------------------------
     0 | D:1      | LostNumber the Ogre Transmuter began the quest for the Orb.
     0 | D:1      | Reached XP level 1. HP: 19/19 MP: 3/3
    65 | D:1      | Reached skill level 3 in Unarmed Combat
   138 | D:1      | Reached XP level 2. HP: 15/28 MP: 1/5
   483 | D:1      | Learned a level 2 spell: Sticks to Snakes
   492 | D:1      | Reached XP level 3. HP: 20/36 MP: 2/6
   516 | D:1      | Learned a level 3 spell: Spider Form
  1066 | D:2      | Found a shattered altar of Ashenzari.
  1086 | D:2      | Reached XP level 4. HP: 44/44 MP: 5/7
  1518 | D:2      | Noticed Robin
  1549 | D:2      | Reached skill level 1 in Poison Magic
  1557 | D:2      | Reached skill level 4 in Unarmed Combat
  1565 | D:2      | Killed Robin
  1565 | D:2      | Reached XP level 5. HP: 34/53 MP: 5/9
  1707 | D:3      | Found a runed translucent gate.
  1707 | D:3      | Found a runed translucent gate.
  2000 | D:3      | Found a runed translucent gate.
  2001 | D:3      | Noticed Kisielow's ghost (amateur DsAK)
  2002 | D:3      | Noticed alkemann's ghost (amateur HuGl)
  2472 | D:3      | Learned a level 4 spell: Ice Form
  2488 | D:4      | Noticed an ogre
  2497 | D:4      | Killed an ogre
  2497 | D:4      | Reached XP level 6. HP: 62/62 MP: 2/10
  2540 | D:4      | Reached skill level 1 in Ice Magic
  3116 | D:4      | Reached skill level 5 in Unarmed Combat
  3262 | D:4      | Found a glowing silver altar of Zin.
  3305 | D:4      | Found a staircase to the Ecumenical Temple.
  3311 | Temple   | Entered the Ecumenical Temple
  3332 | Temple   | Became a worshipper of Warmaster Okawaru
  3436 | D:4      | Reached XP level 7. HP: 25/71 MP: 5/11
  3804 | D:4      | Found a runed translucent gate.
  3805 | D:4      | Found a runed translucent gate.
  3806 | D:4      | Found a runed translucent gate.
  3806 | D:4      | Noticed Jabberih's ghost (novice MfTm)
  3810 | D:4      | Identified the +10 dagger of Devotion {drain, +Fly rElec}
  4147 | D:4      | Reached skill level 5 in Fighting
  4439 | D:4      | Learned a level 2 spell: Blink
  4637 | D:5      | Entered Level 5 of the Dungeon
  4716 | D:5      | Found a basalt altar of Yredelemnul.
  4722 | D:5      | Found a shadowy altar of Dithmenos.
  4738 | D:5      | Reached skill level 1 in Invocations
  4752 | D:5      | Reached * piety under Okawaru
  4844 | D:5      | Found a transporter.
  4869 | D:5      | Reached skill level 1 in Translocations
  4869 | D:5      | Reached XP level 8. HP: 63/81 MP: 9/12
  5044 | D:5      | Reached skill level 6 in Unarmed Combat
  5141 | D:5      | Found a transporter.
  5141 | D:5      | Noticed Jabberih's ghost (novice DrCj)
  6053 | D:5      | Found a glowing golden altar of the Shining One.
  6667 | D:6      | Reached skill level 7 in Unarmed Combat
  6673 | D:6      | Reached XP level 9. HP: 72/92 MP: 11/13
  6676 | D:6      | Reached ** piety under Okawaru
  6897 | D:6      | Noticed a troll
  6942 | D:6      | Killed a troll
  7045 | D:6      | Noticed Sigmund
  7052 | D:6      | Killed Sigmund
  7206 | D:6      | Found Emoikkoz's Jewellery Shop.
  7527 | D:7      | Noticed Harold
  7562 | D:7      | Killed Harold
  7562 | D:7      | Reached *** piety under Okawaru
  7562 | D:7      | Reached skill level 8 in Unarmed Combat
  7562 | D:7      | Reached skill level 5 in Transmutations
  7562 | D:7      | Reached XP level 10. HP: 32/104 MP: 8/17
  7977 | D:7      | Reached skill level 5 in Spellcasting
  8297 | D:7      | Noticed Menkaure
  8304 | D:7      | Killed Menkaure
  8477 | D:7      | Learned a level 5 spell: Blade Hands
  8653 | D:8      | Reached **** piety under Okawaru
  8790 | D:8      | Got a shimmering scimitar
  8915 | D:8      | Got a shimmering shield
  8995 | D:8      | Reached skill level 9 in Unarmed Combat
  9675 | D:9      | Noticed a two-headed ogre
 10093 | D:9      | Killed a two-headed ogre
 10093 | D:9      | Reached XP level 11. HP: 90/115 MP: 15/20
 10141 | D:9      | Reached ***** piety under Okawaru
 10438 | D:9      | Found a staircase to the Lair.
 10573 | D:10     | Entered Level 10 of the Dungeon
 11009 | D:10     | Reached skill level 10 in Unarmed Combat
 11026 | D:10     | Noticed a two-headed ogre
 11039 | D:10     | Killed a two-headed ogre
 11039 | D:10     | Received a gift from Okawaru
 11044 | D:10     | Got a tattered robe {god gift}
 11126 | D:10     | Identified the +1 robe "Foelycse" {Str+4} (Okawaru gifted
                  | it to you on level 10 of the Dungeon)
 11347 | D:10     | Noticed a five-headed hydra
 11362 | D:10     | Killed a five-headed hydra
 11362 | D:10     | Reached skill level 10 in Fighting
 11687 | Lair:1   | Entered Level 1 of the Lair of Beasts
 12599 | Lair:2   | Noticed a four-headed hydra
 12788 | Lair:2   | Reached XP level 12. HP: 118/128 MP: 16/22
 13216 | Lair:2   | Reached skill level 11 in Unarmed Combat
 13487 | Lair:2   | Noticed a five-headed hydra
 13505 | Lair:2   | Killed a five-headed hydra
 13686 | Lair:2   | Found a staircase to the Swamp.
 13757 | Lair:2   | Killed a four-headed hydra
 14199 | Lair:3   | Received a gift from Okawaru
 14479 | Lair:3   | Reached skill level 5 in Invocations
 14575 | Lair:3   | Found a hole to the Spider Nest.
 15333 | Lair:4   | You fall through a shaft for 2 floors!
 15333 | Lair:6   | Entered Level 6 of the Lair of Beasts
 15643 | Lair:4   | Reached skill level 12 in Unarmed Combat
 15807 | Lair:3   | HP: 7/157 [black mamba (9)]
 15808 | Lair:3   | HP: 3/157 [poisoned by a black mamba]
 15808 | Lair:3   | Mangled by a black mamba

Skill      XL: |  1  2  3  4  5  6  7  8  9 10 11 12 |
---------------+-------------------------------------+-----
Unarmed Combat | 3 4 5 7 8 9 10 12 | 12.0
Fighting       | 2 3 4 5 6 8 9 10 11 | 11.7
Poison Magic   | 1 |  1.0
Spellcasting   | 3 4 6 7 |  7.0
Transmutations | 2 3 5 7 8 9 |  9.4
Ice Magic      | 1 2 3 4 |  4.0
Invocations    | 1 3 5 |  5.8
Translocations | 1 2 |  2.0
Dodging        | 3 |  3.8

Action                   |  1- 3 |  4- 6 |  7- 9 | 10-12 || total
-------------------------+-------+-------+-------+-------++-------
Melee: Unarmed           |    79 |   241 |   279 |   650 ||  1249
       Headbutt          |     6 |     1 |     5 |     3 ||    15
       Punch             |     1 |     1 |       |     8 ||    10
       Kick              |     1 |     2 |     3 |    11 ||    17
 Cast: Beastly Appendage |    14 |     8 |     9 |    15 ||    46
       Sticks to Snakes  |     2 |     4 |    11 |    18 ||    35
       Spider Form       |     2 |    19 |    28 |    42 ||    91
       Ice Form          |       |       |     2 |    21 ||    23
       Blade Hands       |       |       |       |     1 ||     1
Invok: Heroism           |       |       |     3 |    22 ||    25
 Abil: End Transformatio |       |       |       |     2 ||     2
Evoke: Wand              |       |       |       |     1 ||     1
  Use: Scroll            |       |       |     6 |    14 ||    20
       Potion            |       |       |     2 |     1 ||     3
 Stab: Sleeping          |     1 |       |       |     1 ||     2
       Distracted        |       |       |     1 |     1 ||     2
  Eat: Chunk             |     1 |    10 |    17 |    30 ||    58
       Ration            |       |       |       |     2 ||     2
Armor: Robe              |    29 |    35 |    17 |    13 ||    94
       Skin              |       |     9 |    11 |    37 ||    57
Dodge: Dodged            |    58 |   158 |   216 |   416 ||   848
